 Dungeon Crawl Stone Soup version 0.28.0 (webtiles) character file.

Game seed: 13729870031493340011

191 MacCMillion the Digger (level 5, 30/30 HPs)
             Began as a Gargoyle Earth Elementalist on Feb 12, 2022.
             Was a Believer of Kikubaaqudgha.
             Quit the game on level 4 of the Dungeon.
             The game lasted 00:12:27 (4054 turns).

MacCMillion the Digger (GrEE)                       Turns: 4054, Time: 00:12:27

Health: 30/30      AC:  7    Str: 11    XL:     5   Next: 70%
Magic:  6/8        EV: 12    Int: 24    God:    Kikubaaqudgha [**....]
Gold:   150        SH:  0    Dex: 10    Spells: 7/8 levels left

rFire   . . .      SeeInvis .   n - +3 dagger
rCold   . . .      Faith    .   (no shield)
rNeg    + . .      Spirit   .   b - +0 robe
rPois   ∞          Reflect  .   (no helmet)
rElec   +          Harm     .   o - +0 cloak
rCorr   .          Rampage  .   (no gloves)
Will    .....                   (no boots)
Stlth   ++........              (no amulet)
HPRegen 0.10/turn               l - +6 ring of intelligence
MPRegen 0.11/turn               (no ring)

@: no status effects
A: sickness immunity, AC +4, negative energy resistance 1, electricity
resistance, torment resistance 1, petrification resistance
a: Renounce Religion, Receive Corpses


You were on level 4 of the Dungeon.
You worshipped Kikubaaqudgha.
Kikubaaqudgha was pleased with you.
You visited 1 branch of the dungeon, and saw 4 of its levels.

You collected 150 gold pieces.

Inventory:

Hand Weapons
 d - a +0 club
 k - a +1 dagger of venom
 n - a +3 dagger (weapon)
Missiles
 c - 146 stones
 h - a throwing net
Armour
 b - a +0 robe (worn)
 o - a +0 cloak (worn)
Magical Staves
 j - a staff of cold
Jewellery
 l - a +6 ring of intelligence (left hand)
Wands
 p - a wand of flame (7)
Scrolls
 e - a scroll of teleportation {unknown}
 g - a scroll of identify {unknown}
Potions
 a - 4 potions of curing {unknown}
 f - 3 potions of degeneration {unknown}
 i - a potion of heal wounds {unknown}
 m - a potion of haste {unknown}


   Skills:
 + Level 2.1 Fighting
 - Level 2.0 Dodging
 - Level 2.1 Stealth
 - Level 2.0 Spellcasting
 + Level 2.2 Transmutations
 + Level 5.8 Earth Magic


You had 7 spell levels left.
You knew the following spells:

 Your Spells              Type           Power      Damage    Failure   Level
a - Sandblast             Erth           60%        2d14      1%          1

Your spell library contained the following spells:

 Spells                   Type           Power      Damage    Failure   Level
 Passwall                 Tmut/Erth      17%        N/A       3%          2
 Beastly Appendage        Tmut           26%        N/A       4%          1
 Wereblood                Tmut           13%        N/A       7%          2
 Stone Arrow              Conj/Erth      32%        3d9       11%         3
 Animate Skeleton         Necr           4%         N/A       12%         1
 Pain                     Necr           8%         1d4       12%         1
 Spider Form              Tmut/Pois      7%         N/A       22%         3
 Petrify                  Tmut/Erth      21%        N/A       22%         4
 Vampiric Draining        Necr           2%         2d6       34%         3
 Irradiate                Conj/Tmut      3%         3d14      91%         5
 Agony                    Necr           2%         N/A       97%         5
 Sublimation of Blood     Necr           Unusable   N/A       N/A         2

Dungeon Overview and Level Annotations

Branches:
Dungeon (4/15)
 Temple: D:4-7

Altars:
Kikubaaqudgha

Annotations:
D:2 Robin
D:4 Natasha


Innate Abilities, Weirdness & Mutations

You are immune to sickness and miasma.
Your stone body is resilient. (AC +4)
You are immune to poison.
You resist negative energy. (rN+)
You are resistant to electric shocks. (rElec)
You are resistant to unholy torment.
You are immune to petrification.


Message History

The gnoll barely misses you.
You hit the gnoll.
The gnoll is severely wounded.
The gnoll hits you but does no damage.
You hit the gnoll but do no damage.
The gnoll is severely wounded.
The gnoll hits you with a +0 whip.
You hit the gnoll.
The gnoll is almost dead.
The gnoll misses you.
You hit the gnoll.
You kill the gnoll!
Kikubaaqudgha accepts your kill.
No target in view!
You start resting.
Magic restored.
You start resting.
A gnoll is nearby!
The gnoll shouts!
Casting: Sandblast (safe; 1% risk of failure)
Confirm with . or Enter, or press ? or * to list all spells.
You don't know that spell.
Casting: Sandblast (safe; 1% risk of failure)
Confirm with . or Enter, or press ? or * to list all spells.
You don't know that spell.
Casting: Sandblast (safe; 1% risk of failure)
Confirm with . or Enter, or press ? or * to list all spells.
You don't know that spell.
The blast of sand hits the gnoll.
The gnoll is heavily wounded.
The blast of sand hits the gnoll!
You kill the gnoll!
Kikubaaqudgha accepts your kill.
You start resting.
HP restored.
This spell is quite dangerous to cast!
Memorise Stone Arrow, consuming 3 spell levels and leaving 4?
Okay, then.
Okay, then.
Are you sure you want to abandon this character and quit the game? (Confirm with "yes".)

#......................
#...[................#.
.#.......<....)†......#
...........#..........#
........####..........#.
.........)..............
.........>......)...##..
........)...........#
................@...#### ...
.......................# #......
.....................#.###......
.....................#......##.##
....#...............##....#.##.#.
....#............##............#.
....##...........##.....#........
####..........#####.....#####....
##............# #...........#....


There were no monsters in sight!

Vanquished Creatures
  2 hounds (D:4)
  2 gnolls (D:4)
  5 adders
  2 dart slugs (D:1)
  3 bats
  6 endoplasms
  5 giant cockroaches
  13 goblins
  2 hobgoblins
  3 jackals (D:2)
  A quokka (D:2)
  5 ball pythons
  A frilled lizard (D:3)
  5 kobolds
  5 rats
60 creatures vanquished.

Vanquished Creatures (others)
  A plant (D:3)
1 creature vanquished.

Grand Total: 61 creatures vanquished

Notes
Turn   | Place    | Note
-------+----------+-------------------------------------------
     0 | D:1      | MacCMillion the Gargoyle Earth Elementalist began the quest
                  | for the Orb.
     0 | D:1      | Reached XP level 1. HP: 10/10 MP: 3/3
   213 | D:1      | Noticed a floating eye
   215 | D:1      | Found a faded altar of an unknown god.
   218 | D:1      | Noticed a shining eye
   218 | D:1      | Noticed an eye of devastation
   218 | D:1      | Noticed a shining eye
   223 | D:1      | Prayed at the altar of an unknown god.
   223 | D:1      | Became a worshipper of Kikubaaqudgha
   223 | D:1      | Reached * piety under Kikubaaqudgha
   223 | D:1      | Received a gift from Kikubaaqudgha
   351 | D:1      | Reached skill level 1 in Transmutations
   490 | D:1      | Reached XP level 2. HP: 15/15 MP: 5/5
   601 | D:1      | Reached skill level 4 in Earth Magic
  1251 | D:2      | Reached XP level 3. HP: 18/19 MP: 4/6
  1436 | D:2      | Noticed Robin
  1848 | D:2      | Reached skill level 5 in Earth Magic
  2135 | D:1      | Reached ** piety under Kikubaaqudgha
  2444 | D:1      | Reached XP level 4. HP: 13/24 MP: 5/7
  3421 | D:4      | Reached skill level 1 in Fighting
  3464 | D:4      | Reached XP level 5. HP: 17/29 MP: 6/8
  3853 | D:4      | Noticed Natasha
  4054 | D:4      | Quit the game

Illustrated notes

Levels and vault maps discovered:
D:1:      lemuel_arrival_rhombus, layout_basic,
          hellmonk_ecumenical_altar_watching_god
D:2:      layout_rooms, eino_tiny_chamber, uniq_robin
D:3:      layout_rooms, serial_bayou_crossing
D:4:      layout_basic, uniq_natasha, uniq_pikel

Skill      XL: |  1  2  3  4  5 |
---------------+----------------+-----
Transmutations | 1 2 |  2.2
Earth Magic    | 4 5 |  5.8
Dodging        | 2 |  2.0
Fighting       | 1 2 |  2.1
Stealth        | |  2.1
Spellcasting   | |  2.0

Action                   |  1- 3 |  4- 6 || total
-------------------------+-------+-------++-------
Melee: Club              |   123 |       ||   123
       Punch             |     2 |       ||     2
       Dagger            |       |    68 ||    68
 Cast: Sandblast         |    14 |    17 ||    31
 Stab: Sleeping          |     2 |     2 ||     4
Armor: Robe              |    59 |    19 ||    78
Dodge: Dodged            |    99 |    50 ||   149
